[Event "Titled Tuesday Blitz February 21 Late 2023"]
[White "Rorrer, Grayson"]
[Black "Fernandez Siles, Luis"]
[WhiteFideId "30944996"]
[BlackFideId "2209420"]
[WhiteElo "2263"]
[BlackElo "2218"]
[Result "1-0"]
[Round "02"]
[TimeControl "180+2"]
[Date "2023.02.21"]
[WhiteClock "0:00:35"]
[BlackClock "0:00:12"]

1. c4 Nf6 2. Nc3 g6 3. e3 Bg7 4. b3 O-O 5. Bb2 d6 6. Nf3 e5 7. d4 Nbd7 8. Be2 e4 9. Nd2 Re8 10. O-O h5 11. Rc1 Nf8 12. d5 N8h7 13. Qc2 Bf5 14. Rfd1 h4 15. h3 Ng5 16. Bf1 Qd7 17. Ne2 Nxh3+ 18. gxh3 Bxh3 19. Bxh3 Qxh3 20. Nf4 Qf5 21. Bxf6 Bxf6 22. Nf1 g5 23. Ng2 h3 24. Ne1 Qg4+ 25. Kh1 Be5 26. f3 exf3 27. Qf2 Qh5 28. Nxf3 g4 29. Nxe5 Rxe5 30. Ng3 Qg6 31. e4 Rae8 32. Rf1 Kg7 33. Rce1 Rh8 34. Qxa7 h2 35. Rf5 Rh3 36. Qf2 Rxg3 37. Qxg3 Rxe4 38. Rxe4 Qxf5 39. Qxg4+ 1-0


[Site "https://www.chess.com"]

[Event "Titled Tuesday Blitz February 21 Late 2023"]
[White "Stavri, Gligor"]
[Black "Preotu, Razvan"]
[WhiteFideId "4706013"]
[BlackFideId "2613280"]
[WhiteElo "1867"]
[BlackElo "2475"]
[Result "0-1"]
[Round "02"]
[TimeControl "180+2"]
[Date "2023.02.21"]
[WhiteClock "0:00:04"]
[BlackClock "0:00:05"]

1. d4 Nf6 2. c4 g6 3. Nc3 d5 4. cxd5 Nxd5 5. e4 Nxc3 6. bxc3 Bg7 7. Nf3 c5 8. Be3 Bg4 9. Be2 Nc6 10. e5 cxd4 11. cxd4 Qa5+ 12. Qd2 Qxd2+ 13. Nxd2 Be6 14. Bc4 Bxc4 15. Nxc4 O-O-O 16. Rd1 Rd5 17. O-O Rhd8 18. g3 b5 19. Na3 a6 20. Nc2 Bxe5 21. Rc1 Bd6 22. Kg2 Kb7 23. Rfe1 Bc7 24. Re2 Bb6 25. Rce1 e6 26. h4 Bxd4 27. Nxd4 Nxd4 28. Rb2 Nc6 29. Bg5 R8d7 30. Reb1 h5 31. Be3 Ne5 32. a4 Nc4 33. Rb3 Nxe3+ 34. Rxe3 Kb6 35. axb5 axb5 36. Reb3 Rc7 37. Kf3 Rc4 38. Kg2 Rf5 39. R1b2 Ka5 40. Ra3+ Ra4 41. Rd3 b4 42. Rd7 Kb5 43. Rb7+ Kc4 44. Rc7+ Kd3 45. Rb3+ Kd2 46. Rb2+ Kd3 47. Rb3+ Kd4 48. Rb2 Kd5 49. Rb7 Kc5 50. Rc2+ Kd4 51. Rb2 Kc3 52. Rb1 Rc5 53. Rc1+ Kd4 54. Rd1+ Ke5 55. Rxf7 Rb5 56. Re7 Kf6 57. Rc7 b3 58. Rb1 b2 59. Rc2 Rab4 60. Re2 e5 61. Rd2 Kf5 62. Kf3 Rb3+ 63. Ke2 e4 64. Rc2 Ke5 65. Rc8 Kd4 66. Rd8+ Kc4 67. Rc8+ Rc5 68. Re8 Kc3 69. Rd8 Kc2 70. Rdd1 Rd3 71. Re1 Kb3 72. Kf1 Rc4 73. Kg2 Rd2 74. Kg1 Ka2 75. Kg2 Rcc2 76. Rf1 Rxf2+ 77. Rxf2 Rxf2+ 78. Kxf2 Kxb1 79. Ke3 Kc2 80. Kxe4 b1=Q 81. Kf4 Qd1 0-1


[Site "https://www.chess.com"]

[Event "Titled Tuesday Blitz February 21 Late 2023"]
[White "Jaracz, Pawel"]
[Black "Ward, Ieuan C"]
[WhiteFideId "1102222"]
[BlackFideId "406627"]
[WhiteElo "2467"]
[BlackElo "2028"]
[Result "1-0"]
[Round "02"]
[TimeControl "180+2"]
[Date "2023.02.21"]
[WhiteClock "0:01:10"]
[BlackClock "0:01:46"]

1. d4 Nf6 2. Bf4 d5 3. e3 e6 4. Nf3 c5 5. c3 Nc6 6. Nbd2 Bd6 7. Bg3 O-O 8. Bd3 Re8 9. O-O e5 10. dxc5 Bxc5 11. e4 Bg4 12. Qc2 Rc8 13. exd5 Qxd5 14. Ng5 h6 15. Bc4 Qd7 16. Bxf7+ Kh8 17. Bxe8 Rxe8 18. Nge4 1-0


[Site "https://www.chess.com"]

[Event "Titled Tuesday Blitz February 21 Late 2023"]
[White "Herbst, Richard"]
[Black "Perske, Thore"]
[WhiteFideId "2041251"]
[BlackFideId "12902195"]
[WhiteElo "2120"]
[BlackElo "2448"]
[Result "0-1"]
[Round "02"]
[TimeControl "180+2"]
[Date "2023.02.21"]
[WhiteClock "0:01:04"]
[BlackClock "0:01:30"]

1. e4 e6 2. d4 d5 3. Nd2 c5 4. exd5 exd5 5. Ngf3 a6 6. Be2 Nf6 7. O-O Be7 8. dxc5 Bxc5 9. Nb3 Bb6 10. c3 O-O 11. Nbd4 Nc6 12. h3 Re8 13. Be3 Bc7 14. Nb3 Ne4 15. Qd3 Bf5 16. Nbd4 Bg6 17. Qd1 Qd6 18. Qc1 Rac8 19. Rd1 Na5 20. b3 Bb6 21. c4 dxc4 22. Nf5 Qf6 23. Bxb6 Qxb6 24. b4 Qxf2+ 0-1


[Site "https://www.chess.com"]

[Event "Titled Tuesday Blitz February 21 Late 2023"]
[White "Leonte, Sebastian-Marian"]
[Black "Sokolovsky, Yahli"]
[WhiteFideId "1268767"]
[BlackFideId "2820242"]
[WhiteElo "1279"]
[BlackElo "2461"]
[Result "0-1"]
[Round "02"]
[TimeControl "180+2"]
[Date "2023.02.21"]
[WhiteClock "0:00:09"]
[BlackClock "0:00:16"]

1. e4 c5 2. Nf3 d6 3. d4 cxd4 4. Nxd4 Nf6 5. Nc3 a6 6. f3 Nc6 7. Be3 e5 8. Nb3 Be6 9. Qd2 Rc8 10. O-O-O Nb4 11. Kb1 d5 12. a3 d4 13. axb4 Bxb4 14. Qf2 Bxc3 15. bxc3 Bxb3 16. cxb3 Rxc3 17. Bc1 Rxb3+ 18. Bb2 O-O 19. Bc4 Rb4 20. Rc1 Qa5 21. g4 Nd7 22. f4 Nc5 23. fxe5 Na4 24. Bxf7+ Kh8 25. Rc2 d3 26. Rd2 Nc3+ 0-1


[Site "https://www.chess.com"]

[Event "Titled Tuesday Blitz February 21 Late 2023"]
[White "Sailer, Mike"]
[Black "Darini, Pouria"]
[WhiteFideId "2012901"]
[BlackFideId "12502200"]
[WhiteElo "2109"]
[BlackElo "2401"]
[Result "0-1"]
[Round "02"]
[TimeControl "180+2"]
[Date "2023.02.21"]
[WhiteClock "0:01:00"]
[BlackClock "0:00:08"]

1. d4 Nf6 2. Bg5 d5 3. Bxf6 gxf6 4. e3 e5 5. c4 Nc6 6. Nf3 Be6 7. cxd5 Qxd5 8. Nc3 Qa5 9. Be2 O-O-O 10. O-O exd4 11. Nxd4 Nxd4 12. exd4 Rg8 13. Bf3 Bd6 14. Qa4 Qxa4 15. Nxa4 Rg5 16. Rac1 Bxa2 17. Nc5 Bxc5 18. dxc5 Bd5 19. Bxd5 Rgxd5 20. b4 Re8 21. g3 a6 22. Rc4 c6 23. Rh4 h5 24. Rc1 Kd7 25. Rcc4 Re1+ 26. Kg2 Ke6 27. Rcf4 Ree5 28. Rf3 Rg5 29. Rhf4 f5 30. h4 Rg4 31. Re3+ Re5 32. Rxe5+ Kxe5 33. Rf3 Rxb4 34. Re3+ Re4 35. Rd3 Rb4 36. Rd7 Ke6 37. Rd8 a5 38. Rh8 a4 39. Rxh5 a3 40. Rh8 Ra4 41. Rd8 a2 42. Re8+ Kf6 0-1


[Site "https://www.chess.com"]

[Event "Titled Tuesday Blitz February 21 Late 2023"]
[White "Ozer, Omer Faruk"]
[Black "Matsuura, Frederico"]
[WhiteFideId "6354564"]
[BlackFideId "2107848"]
[WhiteElo "2360"]
[BlackElo "2244"]
[Result "0-1"]
[Round "02"]
[TimeControl "180+2"]
[Date "2023.02.21"]
[WhiteClock "0:00:05"]
[BlackClock "0:00:16"]

1. e4 e6 2. d4 d5 3. Nc3 Bb4 4. Ne2 Nf6 5. e5 Nfd7 6. Nf4 b6 7. Qg4 g6 8. Bd2 Ba6 9. Bxa6 Nxa6 10. O-O Be7 11. Nce2 c5 12. c3 Rc8 13. g3 Nab8 14. h4 h5 15. Qf3 Nc6 16. Rfe1 b5 17. Rad1 Qb6 18. Qd3 Rg8 19. Be3 a5 20. Nxd5 exd5 21. Nf4 cxd4 22. Bxd4 Nc5 23. Qf3 Nxd4 24. cxd4 Ne6 25. Nxd5 Qa7 26. Qd3 Kf8 27. Re3 Kg7 28. Rf3 Rgd8 29. Qxb5 Qd7 30. Nxe7 Qxb5 31. Nxc8 Rxc8 32. d5 Nc5 33. d6 Ne6 34. d7 Rd8 35. Rfd3 Qxe5 36. Rd5 Qxb2 37. R5d2 Qc3 38. Kg2 Nc5 39. Kh2 Ne4 40. Rd3 Qf6 41. f3 Nc5 42. Rd5 Qb6 43. Kg2 Ne6 44. Kh3 Qb2 45. R1d2 Qf6 46. Kg2 Qe7 47. Kh3 Nf8 0-1


[Site "https://www.chess.com"]

[Event "Titled Tuesday Blitz February 21 Late 2023"]
[White "Manu_ChessExcelsior"]
[Black "Fiorito, Joaquin"]
[BlackFideId "180173"]
[WhiteElo "2095"]
[BlackElo "2405"]
[Result "0-1"]
[Round "02"]
[TimeControl "180+2"]
[Date "2023.02.21"]
[WhiteClock "0:00:15"]
[BlackClock "0:00:21"]

1. e4 c6 2. d4 d5 3. exd5 cxd5 4. Bd3 Nc6 5. c3 Nf6 6. h3 g6 7. Nf3 Bg7 8. O-O O-O 9. Re1 Bf5 10. Bxf5 gxf5 11. Ne5 e6 12. Bg5 Ne7 13. Nd2 Ng6 14. Ndf3 Qc7 15. Bxf6 Bxf6 16. g3 b5 17. Qd2 Rab8 18. a3 a5 19. Kg2 Rfc8 20. h4 b4 21. axb4 axb4 22. cxb4 Nxe5 23. dxe5 Bg7 24. h5 h6 25. Rac1 Qb6 26. Rxc8+ Rxc8 27. Ra1 Bf8 28. Nh4 Qxb4 29. Qd3 Qxb2 30. Ra7 Qxe5 31. Nf3 Qf6 32. Qb3 d4 33. Qb7 Rd8 34. Ne5 Bc5 35. Ra8 Rxa8 36. Qxa8+ Kg7 37. Nd7 Qe7 38. Nxc5 Qxc5 39. Qb7 Qd5+ 40. Qxd5 exd5 41. Kf1 Kf6 42. Ke2 f4 43. Kd3 fxg3 44. f4 Kf5 45. Kd2 Kxf4 46. Ke2 d3+ 47. Kd1 g2 48. Kc1 g1=Q+ 49. Kd2 Ke4 50. Kc3 Qc1+ 51. Kb4 Qc4+ 52. Ka5 Qb3 53. Ka6 Kd4 54. Ka7 Kc5 55. Ka8 Kc6 56. Ka7 Qb7# 0-1


[Site "https://www.chess.com"]

[Event "Titled Tuesday Blitz February 21 Late 2023"]
[White "Ezat, Mohamed"]
[Black "Tang, Andrew"]
[WhiteFideId "10600906"]
[BlackFideId "2059630"]
[WhiteElo "2402"]
[BlackElo "2523"]
[Result "0-1"]
[Round "02"]
[TimeControl "180+2"]
[Date "2023.02.21"]
[WhiteClock "0:00:04"]
[BlackClock "0:00:11"]

1. d4 d5 2. c4 e6 3. Nc3 Be7 4. Nf3 Nf6 5. cxd5 exd5 6. Bg5 c6 7. Qc2 g6 8. e3 Bf5 9. Qb3 Qb6 10. Nd2 Nbd7 11. h3 h6 12. Bf4 g5 13. Bh2 O-O 14. Be2 Rfe8 15. O-O Nf8 16. Na4 Qa5 17. Rfd1 Ne6 18. Rac1 Bf8 19. Be5 Nd7 20. Bg3 Nb6 21. Nxb6 axb6 22. a3 Nxd4 23. exd4 Rxe2 24. Nf3 f6 25. Bc7 Qb5 26. Qxb5 cxb5 27. Rd2 Rxd2 28. Nxd2 b4 29. axb4 Bxb4 30. Nb3 b5 31. Bb6 Bd6 32. Na5 Bf4 33. Rc5 Re8 34. g3 Bd6 35. Rc1 Bxh3 36. Nxb7 Bb4 37. Bc5 Re1+ 38. Rxe1 Bxe1 39. Nd6 Bd7 40. b4 g4 41. Kf1 Bd2 42. Ke2 Bc1 43. Nb7 h5 44. Na5 Kf7 45. Nb3 Bg5 46. Bd6 Bf5 47. Nc5 h4 48. Bf4 Bxf4 49. gxf4 Be4 50. Kf1 Bf3 51. Kg1 Kg6 52. Kh2 Kf5 53. Nd3 Ke4 54. Ne1 Kxf4 55. Nc2 g3+ 56. fxg3+ hxg3+ 57. Kg1 f5 58. Ne1 Be4 59. Ng2+ Kf3 60. Nh4+ Kg4 61. Ng6 f4 62. Ne5+ Kf5 63. Nd7 f3 64. Nc5 f2+ 65. Kf1 Kf4 66. Ke2 Bf3+ 67. Kf1 Ke3 68. Nb3 g2# 0-1


[Site "https://www.chess.com"]

[Event "Titled Tuesday Blitz February 21 Late 2023"]
[White "Bortnyk, Mykola"]
[Black "Rottenwohrer Suarez, Juan"]
[WhiteFideId "14120836"]
[BlackFideId "32068182"]
[WhiteElo "2425"]
[BlackElo "2265"]
[Result "1-0"]
[Round "02"]
[TimeControl "180+2"]
[Date "2023.02.21"]
[WhiteClock "0:01:43"]
[BlackClock "0:00:17"]

1. e4 c5 2. c3 g6 3. d4 d5 4. dxc5 dxe4 5. Qxd8+ Kxd8 6. Bc4 e6 7. Be3 Nd7 8. b4 Ne5 9. Bd4 Bg7 10. Nd2 f5 11. f4 exf3 12. gxf3 Bf6 13. O-O-O Ke7 14. Nh3 Nc6 15. Bxf6+ Nxf6 16. Rhe1 Nh5 17. Nb3 Rd8 18. Ng5 Rxd1+ 19. Kxd1 Nf4 20. Nd4 Nxd4 21. cxd4 h6 22. Nxe6 Bxe6 23. Bxe6 Nxe6 24. d5 Rd8 25. Rxe6+ Kf7 26. Re5 Kf6 27. f4 g5 28. d6 gxf4 29. Re7 b6 30. Ke2 bxc5 31. bxc5 Rc8 32. Rc7 Re8+ 33. Kf3 Ke6 34. Rxa7 Kd5 35. d7 Rd8 36. Rc7 1-0


[Site "https://www.chess.com"]

[Event "Titled Tuesday Blitz February 21 Late 2023"]
[White "Prydun, Andriy"]
[Black "Rustemov, Alexander"]
[WhiteFideId "14145898"]
[BlackFideId "4119002"]
[WhiteElo "2134"]
[BlackElo "2525"]
[Result "0-1"]
[Round "02"]
[TimeControl "180+2"]
[Date "2023.02.21"]
[WhiteClock "0:00:06"]
[BlackClock "0:00:47"]

1. d4 d5 2. Nd2 Nf6 3. c3 Bf5 4. Ngf3 h6 5. e3 e6 6. Nb3 Nbd7 7. Bd3 Bd6 8. Bxf5 exf5 9. O-O O-O 10. Qc2 g6 11. c4 c6 12. a3 Re8 13. Bd2 Qe7 14. Na5 Rab8 15. Qb3 Qe6 16. Rac1 dxc4 17. Qxc4 Nb6 18. Qxe6 Rxe6 19. Bb4 Bxb4 20. axb4 Nbd5 21. Rc4 Ne4 22. b5 cxb5 23. Rc2 b6 24. Nc6 Rb7 25. Nd8 Ree7 26. Nxb7 Rxb7 27. Rfc1 a5 28. Nd2 Nxd2 29. Rxd2 b4 30. Re1 Re7 31. Rde2 b3 32. Rc1 Nb4 33. Rc4 b5 34. Rxb4 axb4 35. Kf1 Rc7 36. Re1 Rc2 37. Re2 Kf8 38. g3 Ke7 39. h4 Kd6 40. f3 Kd5 41. h5 g5 42. Kf2 Kc4 43. g4 Kd3 0-1


[Site "https://www.chess.com"]

[Event "Titled Tuesday Blitz February 21 Late 2023"]
[White "Zarubitski, Viachaslau"]
[Black "sissahungrychess"]
[WhiteFideId "13509373"]
[WhiteElo "2423"]
[BlackElo "2453"]
[Result "0-1"]
[Round "02"]
[TimeControl "180+2"]
[Date "2023.02.21"]
[WhiteClock "0:00:04"]
[BlackClock "0:00:19"]

1. a3 d5 2. d4 Nf6 3. Nf3 g6 4. c4 c6 5. cxd5 cxd5 6. Bf4 Bg7 7. e3 O-O 8. Nc3 Bf5 9. Qb3 Bc8 10. Be2 Nc6 11. O-O Na5 12. Qd1 Bf5 13. Rc1 Rc8 14. Ne5 Nd7 15. Bf3 Nb6 16. b4 Nac4 17. Nxc4 Rxc4 18. Be2 Rc8 19. Qb3 Qd7 20. a4 Rfd8 21. Bb5 Qe6 22. a5 Nc4 23. Rfd1 Nd6 24. Be2 Nc4 25. Nxd5 Qxd5 26. Bxc4 Qd7 27. Bxf7+ Kf8 28. Bc4 Be4 29. Be2 Rxc1 30. Rxc1 Rc8 31. Rxc8+ Qxc8 32. f3 Qc1+ 33. Kf2 Bc6 34. d5 Bd7 35. Qc4 Qb2 36. d6 a6 37. dxe7+ Kxe7 38. Qc5+ Ke8 39. Bg5 Bf8 40. Qd4 Qxd4 41. exd4 Bxb4 42. Ke3 Bxa5 43. Bc4 Bc7 44. Bg8 Kf8 45. Bd5 Bc6 46. Bxc6 bxc6 47. h4 a5 48. Kd3 Bd6 49. Kc4 Kf7 50. Bd2 Ke6 51. Bxa5 Bg3 52. Kc5 Kd7 53. d5 cxd5 54. Kxd5 Bxh4 55. Bd2 Ke7 56. Ke5 Kf7 57. Bb4 Bf6+ 58. Ke4 Bg7 59. f4 Bf6 60. Bc5 Bg7 61. Kd5 Bf6 62. Bd6 Bg7 63. Kc6 Bh6 64. Kd7 Bg7 65. Be5 Bh6 66. g4 Bf8 67. Bd4 Bb4 68. Be5 Bd2 69. Kc6 Bc1 70. Kd5 Bd2 71. Ke4 Ba5 72. Kf3 Bd8 73. Kg3 Be7 74. Kf3 Bd8 75. Ke3 Be7 76. Kd4 Bd8 77. Ke4 Ba5 78. Kd5 Bd2 79. Bd6 Bc1 80. Ke4 Bd2 81. Kf3 Bc1 82. Kg3 Bb2 83. Kh4 Bf6+ 84. g5 Bc3 85. Kg4 Bd2 86. Kf3 Bc3 87. Ke4 Bb2 88. Be5 Bc1 89. Kd5 Ba3 90. Kc6 Be7 91. Kd7 Bb4 92. Bf6 Ba3 93. Be5 Bc1 94. Kc6 Ke6 95. Kc5 Kf5 0-1


[Site "https://www.chess.com"]

[Event "Titled Tuesday Blitz February 21 Late 2023"]
[White "Fus, Jakub"]
[Black "Li, Hui"]
[WhiteFideId "1193023"]
[BlackFideId "15400310"]
[WhiteElo "2417"]
[BlackElo "1963"]
[Result "1/2-1/2"]
[Round "02"]
[TimeControl "180+2"]
[Date "2023.02.21"]
[WhiteClock "0:01:17"]
[BlackClock "0:01:14"]

1. e4 e5 2. Nf3 Nf6 3. d4 exd4 4. e5 Ne4 5. Qxd4 d5 6. exd6 Nxd6 7. Nc3 Nc6 8. Qd1 Be7 9. Nd5 Nf5 10. Be2 Bd6 11. O-O Be6 12. Nf4 Bd7 13. Bd3 O-O 14. c3 Nh4 15. Nxh4 Qxh4 16. g3 Qf6 17. Qh5 g6 18. Qh6 Ne5 19. Be4 Bc6 20. Bxc6 Nxc6 21. Be3 Rfe8 22. Rfe1 Ne5 1/2-1/2


[Site "https://www.chess.com"]

[Event "Titled Tuesday Blitz February 21 Late 2023"]
[White "Timmermans, Mark"]
[Black "Coelho, Ramyres Santana"]
[WhiteFideId "1026399"]
[BlackFideId "2120690"]
[WhiteElo "2392"]
[BlackElo "1981"]
[Result "1-0"]
[Round "02"]
[TimeControl "180+2"]
[Date "2023.02.21"]
[WhiteClock "0:02:20"]
[BlackClock "0:02:07"]

1. e4 c5 2. Nf3 d6 3. d4 cxd4 4. Nxd4 Nf6 5. Nc3 a6 6. g3 e6 7. Bg2 Be7 8. O-O O-O 9. Be3 Qc7 10. a4 Nc6 11. Qe2 b6 12. Nxc6 Qxc6 13. e5 Nd5 14. Nxd5 exd5 15. Rfd1 Be6 16. c4 Qxc4 17. Qxc4 dxc4 18. Bxa8 Rxa8 19. exd6 Bf8 20. Bxb6 a5 21. d7 Bxd7 22. Rxd7 1-0


[Site "https://www.chess.com"]

[Event "Titled Tuesday Blitz February 21 Late 2023"]
[White "Jarocka, Liwia"]
[Black "Petukhov, Dmitry"]
[WhiteFideId "21807558"]
[BlackFideId "4142748"]
[WhiteElo "2225"]
[BlackElo "2350"]
[Result "0-1"]
[Round "02"]
[TimeControl "180+2"]
[Date "2023.02.21"]
[WhiteClock "0:01:06"]
[BlackClock "0:01:14"]

1. d4 Nf6 2. c4 g6 3. Nc3 d5 4. Nf3 Bg7 5. cxd5 Nxd5 6. e4 Nxc3 7. bxc3 O-O 8. Bc4 c5 9. O-O Nc6 10. d5 Na5 11. Bd3 Bxc3 12. Rb1 e6 13. Ba3 b6 14. Qc2 Bg7 15. Rfd1 exd5 16. exd5 Bg4 17. Be2 Re8 18. h3 Bf5 19. Bd3 Qxd5 20. Bxf5 Qxf5 21. Qxf5 gxf5 22. Rd7 Re2 23. Rb5 Rxa2 24. Bxc5 bxc5 25. Ng5 Re8 26. Rxc5 Re1+ 27. Kh2 Be5+ 28. Rxe5 Rxe5 29. Nxf7 Ree2 30. Nh6+ Kf8 31. Nxf5 Rxf2 32. Nh4 Nc4 33. Rxh7 Ne3 34. Rh8+ Kf7 35. Rh7+ Kg8 36. Rh5 a5 37. Rg5+ Kf7 38. Kh1 a4 39. Rg3 Nxg2 40. Nxg2 Rxg2 41. Rf3+ 0-1


[Site "https://www.chess.com"]

[Event "Titled Tuesday Blitz February 21 Late 2023"]
[White "Stanisz, Patryk"]
[Black "Sonnenschein, Philipp"]
[WhiteFideId "1123106"]
[BlackFideId "16250877"]
[WhiteElo "2161"]
[BlackElo "2224"]
[Result "0-1"]
[Round "02"]
[TimeControl "180+2"]
[Date "2023.02.21"]
[WhiteClock "0:00:16"]
[BlackClock "0:01:16"]

1. d4 Nf6 2. c4 g6 3. Nc3 Bg7 4. e4 O-O 5. Be2 d6 6. g4 c5 7. d5 e6 8. g5 Ne8 9. h4 exd5 10. cxd5 f5 11. gxf6 Nxf6 12. h5 b5 13. hxg6 hxg6 14. Bxb5 Nxe4 15. Nxe4 Qa5+ 16. Nc3 Bxc3+ 17. bxc3 Qxb5 18. Be3 Bf5 19. Ne2 Nd7 20. Ng3 Ne5 21. Nxf5 Rxf5 22. Qb3 Qd3 23. Rh3 Nf3+ 24. Rxf3 Rxf3 25. Rc1 Rxe3+ 26. fxe3 Qxe3+ 27. Kd1 Qd3+ 28. Ke1 Re8+ 29. Kf2 Re2+ 30. Kg1 Qg3+ 31. Kh1 Qg2# 0-1


[Site "https://www.chess.com"]

[Event "Titled Tuesday Blitz February 21 Late 2023"]
[White "The_Sherman_Variation"]
[Black "Oliveira, Tiago Batista"]
[BlackFideId "2108291"]
[WhiteElo "2501"]
[BlackElo "1991"]
[Result "1-0"]
[Round "02"]
[TimeControl "180+2"]
[Date "2023.02.21"]
[WhiteClock "0:00:21"]
[BlackClock "0:00:11"]

1. d4 Nf6 2. c4 g6 3. Nc3 d5 4. cxd5 Nxd5 5. e4 Nxc3 6. bxc3 c5 7. Be3 Bg7 8. Nf3 Nc6 9. Bb5 cxd4 10. Bxc6+ bxc6 11. cxd4 Ba6 12. Qc2 O-O 13. e5 c5 14. Rd1 Rc8 15. Qd2 cxd4 16. Bxd4 Qd7 17. Ng5 Qf5 18. Qe3 Rc2 19. h4 Re2+ 20. Qxe2 Bxe2 21. Kxe2 Qg4+ 22. Nf3 Qe4+ 23. Be3 Qc4+ 24. Rd3 Rb8 25. Rd1 Rb2+ 26. Rd2 Rxd2+ 27. Nxd2 Bxe5 28. Nxc4 1-0


[Site "https://www.chess.com"]

[Event "Titled Tuesday Blitz February 21 Late 2023"]
[White "KhalilMousavi98"]
[Black "Leve, Nitai"]
[BlackFideId "2006898"]
[WhiteElo "2871"]
[BlackElo "2128"]
[Result "1-0"]
[Round "02"]
[TimeControl "180+2"]
[Date "2023.02.21"]
[WhiteClock "0:00:21"]
[BlackClock "0:00:03"]

1. d4 d5 2. Nf3 Nf6 3. c4 c6 4. e3 a6 5. Nc3 Bg4 6. cxd5 cxd5 7. Qb3 Bxf3 8. Qxb7 Nbd7 9. gxf3 e6 10. Bxa6 Bd6 11. Qc6 Bb4 12. Bd3 O-O 13. Qb5 Qe7 14. Be2 e5 15. dxe5 Nxe5 16. Qb6 Bc5 17. Qb3 d4 18. Nd5 Nxd5 19. Qxd5 Bb4+ 20. Kf1 d3 21. Bxd3 Rad8 22. Bxh7+ Kxh7 23. Qe4+ f5 24. Qc2 Rc8 25. Qe2 Rfd8 26. a3 Ba5 27. b4 Bb6 28. Bb2 Qe6 29. Rg1 Rd7 30. f4 Nd3 31. Bxg7 Rxg7 32. Rxg7+ Kxg7 33. Qxd3 Rd8 34. Qe2 Qd5 35. f3 Kh6 36. Re1 Re8 37. Qg2 Rxe3 38. Qg5+ Kh7 39. Rxe3 Qd1+ 40. Kg2 Qd2+ 41. Kh3 Qxe3 42. Qxf5+ Kh8 43. Qe5+ Kh7 44. Qxe3 Bxe3 45. Kg4 Kg6 46. a4 Bd2 47. b5 Ba5 48. f5+ Kf6 49. h4 Bb6 50. h5 Ba5 51. h6 Bb6 52. Kh5 Ba5 53. Kg4 Bb6 54. Kf4 Bc7+ 55. Ke4 Kg5 56. h7 1-0


[Site "https://www.chess.com"]

[Event "Titled Tuesday Blitz February 21 Late 2023"]
[White "Ansh M Shah"]
[Black "Maksimovic, Bojan"]
[WhiteFideId "25033379"]
[BlackFideId "14408120"]
[WhiteElo "2171"]
[BlackElo "2486"]
[Result "0-1"]
[Round "02"]
[TimeControl "180+2"]
[Date "2023.02.21"]
[WhiteClock "0:01:35"]
[BlackClock "0:02:34"]

1. d4 c5 2. c4 cxd4 3. Qxd4 Nc6 4. Qd1 Nf6 5. Nf3 e5 6. e3 d5 7. cxd5 Qxd5 8. Qxd5 Nxd5 9. a3 f6 10. Bd2 Be6 11. Nc3 Be7 12. Bb5 Kf7 13. O-O Rhd8 14. Rfd1 Rac8 15. Rac1 a6 16. Be2 Nb6 17. h3 Bb3 18. Re1 Nc4 19. Bxc4+ Bxc4 20. e4 Bb3 21. Be3 Rd3 22. Bb6 Bd8 23. Re3 Rd7 24. Bxd8 Rcxd8 25. Ne2 Be6 26. Nc3 Rd3 27. Rce1 Rxe3 28. Rxe3 Nd4 29. Kf1 Bc4+ 30. Kg1 Nc2 0-1


[Site "https://www.chess.com"]

[Event "Titled Tuesday Blitz February 21 Late 2023"]
[White "Koziorowicz, Michal"]
[Black "Kielinkei"]
[WhiteFideId "21809194"]
[WhiteElo "2307"]
[BlackElo "2387"]
[Result "1-0"]
[Round "02"]
[TimeControl "180+2"]
[Date "2023.02.21"]
[WhiteClock "0:00:19"]
[BlackClock "0:00:05"]

1. g4 d5 2. Bg2 c6 3. c4 e6 4. Nf3 h5 5. g5 Ne7 6. d4 Ng6 7. h4 Bd6 8. Nc3 Nd7 9. e4 dxe4 10. Nxe4 Bb4+ 11. Bd2 Bxd2+ 12. Qxd2 Qc7 13. O-O Nf4 14. Ne5 Nxg2 15. Kxg2 O-O 16. Nxd7 Bxd7 17. Qe2 Qf4 18. Rae1 Qxh4 19. Rh1 Qg4+ 20. Qxg4 hxg4 21. Kg3 f5 22. Nc5 Bc8 23. Kf4 b6 24. Nd3 Rd8 25. Ke5 c5 26. d5 exd5 27. cxd5 Re8+ 28. Kd6 Bb7 29. Rxe8+ Rxe8 30. Nf4 Kf7 31. Kc7 Re7+ 32. Kd6 Re4 33. Ne6 Bc8 34. Nd8+ Kg6 35. Kc7 Ba6 36. d6 Bb5 37. Rd1 f4 38. Nc6 Re8 39. d7 Rh8 40. d8=Q Rxd8 41. Rxd8 g3 42. fxg3 f3 43. Ne5+ Kxg5 44. Nxf3+ Kg4 45. Ne5+ Kxg3 46. Rg8 1-0


[Site "https://www.chess.com"]

[Event "Titled Tuesday Blitz February 21 Late 2023"]
[White "Uzcategui Rodriguez, Alejandro"]
[Black "Horvath, Dominik"]
[WhiteFideId "3903400"]
[BlackFideId "1642561"]
[WhiteElo "2255"]
[BlackElo "2523"]
[Result "0-1"]
[Round "02"]
[TimeControl "180+2"]
[Date "2023.02.21"]
[WhiteClock "0:00:52"]
[BlackClock "0:01:42"]

1. e4 e5 2. Nf3 Nc6 3. d4 exd4 4. Bc4 Nf6 5. O-O Nxe4 6. Re1 d5 7. Bxd5 Qxd5 8. Nc3 Qd7 9. Nxe4 Be7 10. Bg5 O-O 11. Bxe7 Qxe7 12. Nxd4 Bd7 13. Nb3 Qd8 14. Qh5 b6 15. Rad1 Qc8 16. h3 Bf5 17. Qg5 Bg6 18. c3 Re8 19. Ng3 Rxe1+ 20. Rxe1 Qd7 21. Qe3 Kf8 22. Nd2 Re8 23. Qxe8+ Qxe8 24. Rxe8+ Kxe8 25. Kf1 Ne5 26. Ke2 Nd3 27. b3 Nc1+ 28. Ke3 Nxa2 29. c4 Nc1 30. Kd4 Kd7 31. f4 Bc2 32. Kc3 Bd1 33. Nde4 Ne2+ 34. Nxe2 Bxe2 35. Ng5 f6 36. Nxh7 Ke7 37. g4 Bf1 38. h4 Bh3 39. g5 Bf5 40. gxf6+ gxf6 41. Ng5 fxg5 42. fxg5 Bg6 43. Kd4 Kd6 44. b4 c5+ 45. bxc5+ bxc5+ 46. Kc3 Ke5 47. Kb3 Kd4 48. Ka4 Kxc4 49. Ka5 Kb3 50. Ka6 c4 51. Kxa7 c3 52. Kb6 c2 53. Kc6 c1=Q+ 54. Kd6 Qc2 55. Ke6 Qf5+ 56. Ke7 Kc4 57. Kd8 Qf7 0-1


[Site "https://www.chess.com"]

[Event "Titled Tuesday Blitz February 21 Late 2023"]
[White "Carrasco Miranda, Andres"]
[Black "Korchmar, Vasiliy"]
[WhiteFideId "3405990"]
[BlackFideId "24131750"]
[WhiteElo "2240"]
[BlackElo "2438"]
[Result "0-1"]
[Round "02"]
[TimeControl "180+2"]
[Date "2023.02.21"]
[WhiteClock "0:00:20"]
[BlackClock "0:00:32"]

1. d4 d5 2. c4 c6 3. Nf3 Nf6 4. e3 e6 5. b3 Nbd7 6. Bd3 Bb4+ 7. Nbd2 Ne4 8. O-O f5 9. Qc2 Qf6 10. Bb2 Bd6 11. Ne1 O-O 12. f3 Qh4 13. f4 g5 14. Nef3 Qh5 15. Bxe4 gxf4 16. exf4 dxe4 17. Ne5 Nxe5 18. fxe5 Be7 19. Rae1 Bd7 20. Re3 Kh8 21. Rh3 Qg6 22. Bc1 Rg8 23. Rg3 Qh5 24. Qd1 Qxd1 25. Rxd1 Rxg3 26. hxg3 Rg8 27. Kf2 h5 28. Nf1 h4 29. Bf4 Be8 30. Ne3 hxg3+ 31. Bxg3 Kg7 32. Rh1 Bg5 33. Bh4 Rh8 34. g3 f4 35. Ng4 Bg6 36. Nf6 e3+ 37. Kf3 fxg3 38. Kxg3 e2 39. Kf2 Rxh4 40. Rxh4 Bxh4+ 41. Kxe2 Bxf6 42. exf6+ Kxf6 43. Ke3 e5 44. dxe5+ Kxe5 45. b4 Bf7 46. Kd3 b6 47. a3 c5 48. bxc5 bxc5 49. Kc3 a5 50. Kb3 Be8 51. Kc3 Ke4 0-1


[Site "https://www.chess.com"]

[Event "Titled Tuesday Blitz February 21 Late 2023"]
[White "Msellek, Ilyass"]
[Black "Nunez V, Gustavo Eduardo"]
[WhiteFideId "675938"]
[BlackFideId "4403690"]
[WhiteElo "2420"]
[BlackElo "2212"]
[Result "1-0"]
[Round "02"]
[TimeControl "180+2"]
[Date "2023.02.21"]
[WhiteClock "0:00:19"]
[BlackClock "0:00:12"]

1. d4 Nf6 2. Nf3 d5 3. Bg5 e6 4. e3 Be7 5. Nbd2 O-O 6. Bd3 h6 7. Bh4 Nbd7 8. O-O c5 9. c3 b6 10. h3 a5 11. Qe2 Bb7 12. Ne5 Nxe5 13. dxe5 Nd7 14. Bxe7 Qxe7 15. f4 f5 16. exf6 Rxf6 17. e4 Raf8 18. exd5 Bxd5 19. Qe3 Qf7 20. g3 Qh5 21. Kh2 e5 22. f5 e4 23. g4 Qh4 24. Bxe4 Bxe4 25. Nxe4 R6f7 26. Qg3 Qd8 27. Rad1 Re8 28. Nd6 Re2+ 29. Rf2 Rxf2+ 30. Qxf2 Qc7 31. Qg3 Re7 32. Rd2 Nf6 33. a4 Kh7 34. h4 h5 35. gxh5 Rd7 36. h6 g5 37. hxg5 Nh5 38. g6+ Kxh6 39. Qe3+ Kg7 40. Qe5+ Kg8 41. Qe6+ Kh8 42. Kg1 Ng7 43. Rh2+ Nh5 44. Rxh5+ Kg7 45. Rh7+ Kf8 46. Qe8# 1-0


[Site "https://www.chess.com"]